 Dungeon Crawl Stone Soup version 0.31-a0-240-gb923e448b6 (webtiles) character file.

Game seed: 12117561946893347135

74 qw the Shooter (level 4, -2/26 HPs)
             Began as a Gargoyle Hexslinger on July 12, 2023.
             Slain by Sigmund
             ... wielding a +4 scythe of protection
              (11 damage)
             ... on level 2 of the Dungeon.
             The game lasted 00:00:33 (1211 turns).

qw the Shooter (Gargoyle Hexslinger)                Turns: 1211, Time: 00:00:34

Health: -2/26      AC:  9    Str: 11    XL:     4   Next: 28%
Magic:  5/5        EV: 10    Int: 14    God:
Gold:   67         SH:  0    Dex: 14    Spells: 4/5 levels left

rFire   . . .        Y - +1 sling
rCold   . . .        (no shield)
rNeg    + . .        e - +0 ring mail
rPois   inf          a - +0 helmet
rElec   +            (no cloak)
rCorr   .            (no gloves)
SInv    .            (no boots)
Will    .....        (no amulet)
Stlth   +            (no ring)
HPRegen 0.24/turn    (no ring)
MPRegen 0.09/turn

%: no passive effects
@: no status effects
A: sickness immunity, AC +3, negative energy resistance 1, electricity
resistance, torment resistance 1, petrification resistance
a: no special abilities


You were on level 2 of the Dungeon.
You visited 1 branch of the dungeon, and saw 2 of its levels.

You collected 67 gold pieces.


Innate Abilities, Weirdness & Mutations

You are immune to sickness and miasma.
Your stone body is resilient. (AC +3)
You are immune to poison.
You resist negative energy. (rN+)
You are resistant to electric shocks. (rElec)
You are resistant to unholy torment.
You are immune to petrification.


   Skills:
 - Level 2.0 Fighting
 + Level 3.9 Ranged Weapons
 - Level 1.0 Armour
 - Level 1.5 Dodging
 - Level 1.0 Spellcasting
 - Level 2.6 Hexes


You had 4 spell levels left.
You knew the following spells:

 Your Spells              Type           Power      Damage    Failure   Level
a - Slow                  Hex            32%        N/A       21%         1

Your spell library contained the following spells:

 Spells                   Type           Power      Damage    Failure   Level
 Inner Flame              Hex/Fire       4%         N/A       71%         3
 Portal Projectile        Hex/Tloc       8%         N/A       71%         3
 Cause Fear               Hex            4%         N/A       90%         4

Inventory:

Hand Weapons
 Y - a +1 sling (weapon)
Armour
 a - a +0 helmet (worn)
 e - a +0 ring mail (worn)
Jewellery
 b - a ring of see invisible
Scrolls
 h - a scroll of fog {unknown}
Potions
 c - a potion of curing {unknown}
 d - a potion of enlightenment {unknown}
 f - a potion of invisibility {unknown}
 g - a potion of berserk rage {unknown}

Dungeon Overview and Level Annotations

Branches:
Dungeon (2/15)

Altars:

Annotations:
D:2 1 runed translucent door, Crazy Yiuf, Sigmund


Message History

Sigmund closely misses you. Sigmund barely misses you.
Sigmund hits you but does no damage.
You feel less confused.
You shoot a sling bullet. The sling bullet barely misses Sigmund.
Sigmund hits you but does no damage.
You shoot a sling bullet.
The sling bullet closely misses Sigmund.
Sigmund hits you but does no damage.
You shoot a sling bullet. The sling bullet hits the hobgoblin.
The hobgoblin is lightly wounded.
The hobgoblin hits you but does no damage.
Sigmund misses you.
You shoot a sling bullet.
The sling bullet barely misses the hobgoblin.
The hobgoblin barely misses you.
Sigmund hits you from afar with a +4 scythe of protection.
You shoot a sling bullet.
The sling bullet hits the hobgoblin but does no damage.
The hobgoblin barely misses you. Sigmund hits you but does no damage.
The hobgoblin barely misses you.
You shoot a sling bullet. The sling bullet hits the hobgoblin.
The hobgoblin is severely wounded.
The hobgoblin hits you. Sigmund barely misses you.
You shoot a sling bullet.
The sling bullet barely misses the hobgoblin.
The hobgoblin hits you but does no damage.
The hobgoblin hits you. Sigmund closely misses you.
You shoot a sling bullet. The sling bullet hits the hobgoblin.
You kill the hobgoblin!
You shoot a sling bullet.
The sling bullet hits Sigmund but does no damage.
Sigmund is moderately wounded.
Sigmund hits you from afar with a +4 scythe of protection.
You shoot a sling bullet. The sling bullet hits Sigmund.
Sigmund is heavily wounded.
Sigmund hits you from afar with a +4 scythe of protection.
You shoot a sling bullet. The sling bullet barely misses Sigmund.
Sigmund hits you from afar with a +4 scythe of protection!
You die...

................#
#.#.............#
#........%......#
.#......###.....#
...##.### #######
......# #########
......####.......#######
..................@b....
########.#......@#
#.#......%#####
#.......#.%....#
#######........# ##
#......... .# #.........
.# #......... .####
#......... ....#
#.........


You could see Sigmund and a bat.

Vanquished Creatures
  Robin (D:1)
  An adder (D:2)
  A dart slug (D:1)
  4 ball pythons
  8 endoplasms
  A giant cockroach (D:1)
  10 goblins
  7 hobgoblins (D:2)
  3 jackals (D:1)
  2 kobolds (D:1)
  A quokka (D:1)
  4 bats
  2 frilled lizards (D:1)
  3 rats (D:1)
48 creatures vanquished.

Notes
Turn   | Place    | Note
-------+----------+-------------------------------------------
     0 | D:1      | qw the Gargoyle Hexslinger began the quest for the Orb.
     0 | D:1      | Reached XP level 1. HP: 12/12 MP: 2/2
     0 | D:1      | 0 ||| qw: Version: 0.3-a-52-g30416fa
     0 | D:1      | 0 ||| qw: Game counter: 6184
     0 | D:1      | 0 ||| qw: Melee chars always use a shield: true
     0 | D:1      | 0 ||| qw: God list: Okawaru
     0 | D:1      | 0 ||| qw: Allow faded altars: false
     0 | D:1      | 0 ||| qw: Do Orc after clearing Dungeon:15 true
     0 | D:1      | 0 ||| qw: Do second Lair branch before Depths: true
     0 | D:1      | 0 ||| qw: Lair rune preference: random
     0 | D:1      | 0 ||| qw: Goals: Normal
     0 | D:1      | 0 ||| PLANNING D:1-11
   115 | D:1      | Reached XP level 2. HP: 16/16 MP: 3/3
   238 | D:1      | Reached skill level 3 in Ranged Weapons
   406 | D:1      | Reached XP level 3. HP: 18/21 MP: 4/4
   879 | D:1      | 879 ||| UPGRADING to +0 ring mail.
   889 | D:1      | 889 ||| DROPPING +0 robe.
   890 | D:1      | 890 ||| READING 2 scrolls labelled ZOGOVU LAUREO.
   891 | D:1      | 891 ||| DROPPING scroll of fear.
   892 | D:1      | 892 ||| DROPPING scroll of poison.
   929 | D:2      | Noticed Robin
   939 | D:2      | 939 ||| STAIRDANCE
   946 | D:1      | Killed Robin
   970 | D:1      | 970 ||| UPGRADING to +0 helmet.
   997 | D:2      | Reached skill level 1 in Armour
  1027 | D:2      | 1027 ||| Stepping ~*~*~tactically~*~*~ (water).
  1033 | D:2      | Reached XP level 4. HP: 24/26 MP: 5/5
  1135 | D:2      | Found a runed translucent door.
  1136 | D:2      | Noticed Crazy Yiuf
  1185 | D:2      | Noticed Sigmund
  1211 | D:2      | Slain by Sigmund

Levels and vault maps discovered:
D:1:      matt_arrival_grand_opening, layout_loops_ring,
          nicolae_houndstooth_variations
D:2:      layout_basic, basic_altar, minmay_liquid_box, uniq_robin,
          uniq_crazy_yiuf_cottage, uniq_sigmund

Skill      XL: |  1  2  3 |
---------------+----------+-----
Ranged Weapons | 3 |  3.9
Fighting       | 2 |  2.0
Armour         | 1 |  1.0
Dodging        | |  1.5
Spellcasting   | |  1.0
Hexes          | |  2.6

Action                     |  1- 3 |  4- 6 || total
---------------------------+-------+-------++-------
   Fire: Sling             |   124 |    35 ||   159
    Use: Scroll            |     1 |       ||     1
 Armour: Robe              |    10 |       ||    10
         Ring mail         |    17 |     8 ||    25
  Dodge: Dodged            |    41 |    15 ||    56

Table legend:
 A = Non-vault XP
 B = Vault XP
 C = Vault XP percentage of total XP
 D = Non-vault monster count
 E = Vault monster count
 F = Vault count percentage of total count
                 A         B        C        D         E       F
            +---------+---------+-------+---------+---------+-------
      Total |      70 |      36 |  34.0 |      35 |      13 |  27.1
            +---------+---------+-------+---------+---------+-------
        D:1 |      45 |      16 |  26.2 |      27 |       1 |   3.6
        D:2 |      25 |      20 |  44.4 |       8 |      12 |  60.0
            +---------+---------+-------+---------+---------+-------
